 Dungeon Crawl Stone Soup version 0.28-a0-317-g21599a725c (webtiles) character file.

Game seed: 1724907719384546339

16 Froggeryz the Sneak (level 2, -2/19 HPs)
             Began as an Octopode Brigand on Sept 1, 2021.
             Slain by an endoplasm (3 damage)
             ... on level 1 of the Dungeon.
             The game lasted 00:00:24 (561 turns).

Froggeryz the Sneak (Octopode Brigand)               Turns: 561, Time: 00:00:24

Health: -2/19      AC:  1    Str: 10    XL:     2   Next: 54%
Magic:  2/2        EV: 12    Int: 13    God:
Gold:   8          SH:  0    Dex: 13    Spells: 1/1 levels left

rFire   . . .      SeeInvis .   a - +2 dagger
rCold   . . .      Faith    .   (no shield)
rNeg    . . .      Spirit   .   (helmet restricted)
rPois   .          Reflect  .   (no amulet)
rElec   .          Harm     .   (no ring)
rCorr   .          Rampage  .   (no ring)
Will    .....                   (no ring)
Stlth   ++++......              (no ring)
HPRegen 0.06/turn               (no ring)
MPRegen 0.08/turn               (no ring)
                                (no ring)
                                (no ring)

@: no status effects
A: almost no armour, amphibious, 8 rings, camouflage 1, gelatinous body 1,
(nimble swimmer 1), tentacles
a: no special abilities


You were on level 1 of the Dungeon.
You visited 1 branch of the dungeon, and saw 1 of its levels.

You collected 8 gold pieces.

Inventory:

Hand Weapons
 a - a +2 dagger (weapon)
Missiles
 b - 8 poisoned darts (quivered)
 c - 2 curare-tipped darts
Scrolls
 d - a scroll of teleportation {unknown}
 f - 2 scrolls of immolation {unknown}
Potions
 e - a potion of mutation {unknown}


   Skills:
 - Level 2.0 Fighting
 * Level 2.8 Short Blades
 - Level 2.0 Throwing
 - Level 1.0 Dodging
 + Level 5.6 Stealth


You had one spell level left.
You didn't know any spells.
Your spell library was empty.

Dungeon Overview and Level Annotations

Branches:
Dungeon (1/15)

Altars:


Innate Abilities, Weirdness & Mutations

You cannot wear most types of armour.
You are amphibious.
You can wear up to eight rings at the same time.
Your skin changes colour to match your surroundings (Stealth+).
Your rubbery body absorbs attacks. (AC +1, EV +1)
((You are camouflaged near water. (Stealth+)))
You have tentacles for arms and can constrict up to eight enemies at once.


Message History

You impale the kobold!!
You kill the kobold!
The hobgoblin shouts!
The kobold shouts!
The endoplasm barely misses you.
Things that are here:
a +0 dagger; 2 stones; a kobold corpse You hit the endoplasm but do no damage.
The endoplasm misses you.
You completely miss the endoplasm. The endoplasm barely misses you.
You barely miss the kobold. Your grab misses the kobold.
The kobold hits you with a +0 short sword.
The endoplasm hits you.
You hit the hobgoblin. Your grab misses the hobgoblin.
You squeeze the hobgoblin.
You kill the hobgoblin!
The kobold hits you with a +0 short sword.
The endoplasm hits you.
You are too injured to fight recklessly!
You are too injured to fight recklessly!
There are monsters nearby!
There are monsters nearby!
You are too injured to fight recklessly!
You hit the kobold but do no damage. Your grab misses the kobold.
The kobold hits you with a +0 short sword.
* * * LOW HITPOINT WARNING * * *
The endoplasm hits you.
* * * LOW HITPOINT WARNING * * *
You closely miss the kobold. Your grab misses the kobold.
The kobold hits you but does no damage. The endoplasm closely misses you.
You closely miss the kobold. You grab the kobold.
Your squeeze misses the kobold.
You constrict the kobold, but do no damage.
The kobold hits you with a +0 short sword.
* * * LOW HITPOINT WARNING * * *
You hit the kobold.
The kobold is heavily wounded.
You constrict the kobold. The endoplasm barely misses you.
You hit the kobold.
You kill the kobold!
The endoplasm hits you.
You die...

##... ####....##### #
#....#... ... #.# #.
#....# #.#
≈..##.###.#.###.# .#
≈≈...........##.####..##
≈≈#....##.#.[....J......
.≈...#..........@....#
.. #.....#...##.)..###
≈≈ ##.#.###..†......#
≈.##...## ##.##......#
#≈....## ##.#...^..#
#≈.#.).## #.###.....#
#..##.#.###..####...##
≈.....#..#.....# #.##
#..####.#..# .#


You could see an endoplasm.

Vanquished Creatures
  An endoplasm (D:1)
  2 giant cockroaches (D:1)
  A goblin (D:1)
  A hobgoblin (D:1)
  4 kobolds (D:1)
  2 bats (D:1)
  4 rats (D:1)
15 creatures vanquished.

Notes
Turn   | Place    | Note
-------+----------+-------------------------------------------
     0 | D:1      | Froggeryz the Octopode Brigand began the quest for the Orb.
     0 | D:1      | Reached XP level 1. HP: 14/14 MP: 1/1
   333 | D:1      | Reached XP level 2. HP: 11/19 MP: 2/2
   561 | D:1      | Slain by an endoplasm

Illustrated notes

Levels and vault maps discovered:
D:1:      dpeg_arrival_rooms_a, layout_loops_ring,
          dreamdust_ecumenical_altar_drowned_temple, grunt_decor_clamped,
          nrook_loot_triangle

Action                   || total
-------------------------++-------
Melee: Dagger            ||    33
       Constrict         ||     3
       Tentacles         ||     2
Throw: Dart              ||     3
 Stab: Sleeping          ||     3
Armor: Skin              ||     2
Dodge: Dodged            ||     9

Table legend: (Time is in decaauts)
 A = Elapsed time spent in this place.
 B = Non-inter-level travel time spent in this place.
 C = Inter-level travel time spent in this place.
 D = Time resting spent in this place.
 E = Time spent auto-exploring this place.
 F = Levels seen in this place.
 G = Mean time per level.
                   A        B        C        D        E       F      G
               +--------+--------+--------+--------+--------+-----+--------+
         Total |    556 |    556 |      0 |     49 |    427 |   1 |  556.0 |
       Dungeon |    556 |    556 |      0 |     49 |    427 |   1 |  556.0 |
               +--------+--------+--------+--------+--------+-----+--------+

Top non-repeatable levels by time:
     D:1: 556 daAuts
